 Dungeon Crawl Stone Soup version 0.29-a0-317-gd16b76e6b1 (webtiles) character file.

Game seed: 2489069559191594678

672 HotDog the Cudgeller (level 7, -1/43 HPs)
             Began as a Gargoyle Fighter on Mar 30, 2022.
             Slain by an orc warrior
             ... wielding a +1 glaive of protection
              (16 damage)
             ... on level 5 of the Dungeon.
             The game lasted 00:07:38 (4720 turns).

HotDog the Cudgeller (Gargoyle Fighter)             Turns: 4720, Time: 00:07:38

Health: -1/43      AC: 14    Str: 28    XL:     7   Next: 59%
Magic:  8/8        EV:  8    Int:  8    God:
Gold:   1344       SH:  4    Dex: 11    Spells: 6/6 levels left

rFire   . . .      SeeInvis .   b - +10 morningstar "Eos" {elec, Halo rElec}
rCold   . . .      Faith    .   c - +0 buckler
rNeg    + . .      Spirit   .   q - +0 chain mail
rPois   ∞          Reflect  .   (no helmet)
rElec   +          Harm     .   (no cloak)
rCorr   .          Rampage  .   (no gloves)
Will    +....                   (no boots)
Stlth   ..........              (no amulet)
HPRegen 0.14/turn               a - ring "Zaisch" {Will+ Dex+2}
MPRegen 0.11/turn               l - +6 ring of strength

@: glowing
A: sickness immunity, AC +4, negative energy resistance 1, electricity
resistance, torment resistance 1, petrification resistance
a: no special abilities


You were on level 5 of the Dungeon.
You visited 1 branch of the dungeon, and saw 5 of its levels.

You collected 1344 gold pieces.

Inventory:

Hand Weapons
 b - the +10 morningstar "Eos" (weapon) {elec, Halo rElec}
   (You acquired it on level 3 of the Dungeon)

   It occasionally discharges a powerful burst of electricity upon striking a
   foe.
   It grants its wielder a halo, increasing accuracy against those within it.
   rElec:     It insulates you from electricity.
Missiles
 k - a throwing net (quivered)
Armour
 c - a +0 buckler (worn)
 q - a +0 chain mail (worn)
Jewellery
 a - the ring "Zaisch" (left hand) {Will+ Dex+2}
   (You acquired it on level 3 of the Dungeon)

   [ring of willpower]

   Dex:       It affects your dexterity (+2).
   Will:      It increases your willpower.
 l - a +6 ring of strength (right hand)
Scrolls
 f - a scroll of blinking
 g - a scroll of amnesia
 h - a scroll of vulnerability
 i - a scroll of enchant weapon
 j - 3 scrolls of teleportation
 m - a scroll of silence {unknown}
 n - a scroll of magic mapping {unknown}
 r - a scroll of brand weapon {unknown}
 t - a scroll of noise {unknown}
Potions
 d - a potion of might
 e - a potion of magic {unknown}
 p - a potion of cancellation {unknown}
 s - a potion of attraction {unknown}
 u - a potion of mutation {unknown}
 v - a potion of heal wounds {unknown}
 w - a potion of berserk rage {unknown}
 x - a potion of flight


   Skills:
 * Level 4.3 Fighting
 * Level 5.7 Maces & Flails
 * Level 4.7 Armour
 * Level 1.9 Dodging
 * Level 4.2 Shields
 - Level 2.1 Invocations


You had 6 spell levels left.
You didn't know any spells.
Your spell library contained the following spells:

 Spells                   Type           Power      Damage    Failure   Level
 Inner Flame              Hex/Fire       0%         N/A       100%        3
 Cause Fear               Hex            0%         N/A       100%        4
 Passage of Golubria      Tloc           0%         N/A       100%        4
 Silence                  Hex/Air        0%         N/A       100%        5
 Discord                  Hex            0%         N/A       100%        8
 Lehudib's Crystal Spear  Conj/Erth      0%         10d2      100%        8


Dungeon Overview and Level Annotations

Branches:
Dungeon (5/15)
 Temple: D:4-7

Altars:
Hepliaklqana

Annotations:
D:4 Edmund


Innate Abilities, Weirdness & Mutations

You are immune to sickness and miasma.
Your stone body is resilient. (AC +4)
You are immune to poison.
You resist negative energy. (rN+)
You are resistant to electric shocks. (rElec)
You are resistant to unholy torment.
You are immune to petrification.


Message History

There is a stone staircase leading down, spattered with blood here.
You see here a +0 hand axe.
You start resting.
HP restored.
You climb downwards.
There is a stone staircase leading up here.
You climb upwards.
Level annotation: Edmund
There is a stone staircase leading down, spattered with blood here.
You see here a +0 hand axe.
You climb downwards.
There is a stone staircase leading up here.
The orc warrior hits you but does no damage.
The orc hits you but does no damage.
The orc warrior hits you but does no damage.
You barely miss the orc warrior. The orc completely misses you.
The orc warrior barely misses you.
You hit the orc warrior.
The orc warrior is lightly wounded.
The orc barely misses you.
The orc warrior hits you with a +1 glaive of protection.
You puncture the orc warrior!
The orc warrior is severely wounded.
You block the orc's attack.
The orc warrior hits you with a +1 glaive of protection!
You sock the orc warrior!
The orc warrior is almost dead.
The orc hits you but does no damage. The orc warrior barely misses you.
The orc warrior hits you with a +1 glaive of protection!
The orc closely misses you.
You barely miss the orc warrior.
The orc warrior is almost dead.
The orc barely misses you.
The orc warrior hits you but does no damage.
The orc hits you from afar with a +0 trident.
* * * LOW HITPOINT WARNING * * *
The orc warrior closely misses you.
You feel better. The orc hits you but does no damage.
The orc warrior hits you from afar with a +1 glaive of protection!
You die...

##########.
#..........
#..<.......
#..@.......
#....o../..
#..o.......
#..........
#....).....
#..........
###########


You could see an orc warrior and an orc.

Vanquished Creatures
  Grinder (D:4)
  2 black bears
  A phantom (D:4)
  2 hounds
  An orc wizard (D:4)
  5 adders
  A worm (D:4)
  2 dart slugs
  2 orcs (D:4)
  6 bats
  6 endoplasms
  6 giant cockroaches
  4 goblins
  12 hobgoblins
  5 quokkas
  7 ball pythons
  4 frilled lizards
  10 kobolds
  6 rats
83 creatures vanquished.

Notes
Turn   | Place    | Note
-------+----------+-------------------------------------------
     0 | D:1      | HotDog the Gargoyle Fighter began the quest for the Orb.
     0 | D:1      | Reached XP level 1. HP: 14/14 MP: 1/1
   546 | D:1      | Reached XP level 2. HP: 19/19 MP: 2/2
   974 | D:1      | Reached XP level 3. HP: 23/23 MP: 3/3
  1424 | D:1      | Reached skill level 1 in Invocations
  2123 | D:2      | Reached XP level 4. HP: 26/28 MP: 4/4
  2274 | D:2      | Reached skill level 1 in Dodging
  2667 | D:3      | Reached skill level 3 in Maces & Flails
  2837 | D:3      | Identified 3 scrolls of acquirement
  2837 | D:3      | Acquired the +10 morningstar "Eos" {elec, Halo rElec}
  2837 | D:3      | Found the +10 morningstar "Eos" {elec, Halo rElec}
  2846 | D:3      | Acquired 1119 gold pieces
  2849 | D:3      | Acquired the ring "Zaisch" {Will+ Dex+2}
  2929 | D:3      | Found a hazy altar of Hepliaklqana.
  3066 | D:3      | Reached XP level 5. HP: 33/33 MP: 6/6
  3299 | D:4      | Noticed a black bear
  3300 | D:4      | Noticed Edmund
  3350 | D:3      | Killed a black bear
  3351 | D:3      | Reached skill level 4 in Maces & Flails
  3351 | D:3      | Reached XP level 6. HP: 36/38 MP: 7/7
  3699 | D:4      | Noticed a black bear
  3702 | D:4      | Killed a black bear
  3871 | D:4      | Noticed Grinder
  3879 | D:4      | Killed Grinder
  3880 | D:4      | Reached skill level 5 in Maces & Flails
  3880 | D:4      | Reached XP level 7. HP: 31/43 MP: 8/8
  4682 | D:5      | Entered Level 5 of the Dungeon
  4720 | D:5      | Slain by an orc warrior

Illustrated notes

Levels and vault maps discovered:
D:1:      dpeg_arrival_circle_labyrinth_a, layout_basic
D:2:      layout_basic
D:3:      layout_loops_cross, amcnicky_altar_gilded, serial_bayou_pond_d,
          minmay_crystal_room, minmay_checkerbox
D:4:      layout_cave_pods, minmay_ruined_shrine, uniq_grinder, uniq_edmund
D:5:      minmay_angry_zag, layout_basic, gammafunk_ghost_gnarly_gnolls,
          minmay_joined_circles

Skill      XL: |  1  2  3  4  5  6 |
---------------+-------------------+-----
Invocations    | 1 2 |  2.1
Dodging        | 1 |  1.9
Maces & Flails | 3 4 5 |  5.7
Armour         | 4 |  4.7
Fighting       | 4 |  4.3
Shields        | 4 |  4.2

Action                   |  1- 3 |  4- 6 |  7- 9 || total
-------------------------+-------+-------+-------++-------
Melee: Flail             |   132 |    59 |       ||   191
       Morningstar       |       |    26 |    14 ||    40
       Unarmed           |       |       |     7 ||     7
  Use: Scroll            |     1 |     9 |     1 ||    11
       Potion            |       |       |     2 ||     2
Armor: Scale mail        |    72 |    41 |       ||   113
       Chain mail        |       |    21 |    13 ||    34
Dodge: Dodged            |    67 |    36 |    16 ||   119
Block: Buckler           |    27 |    25 |     2 ||    54

Table legend: (Time is in decaauts)
 A = Elapsed time spent in this place.
 B = Non-inter-level travel time spent in this place.
 C = Inter-level travel time spent in this place.
 D = Time resting spent in this place.
 E = Time spent auto-exploring this place.
 F = Levels seen in this place.
 G = Mean time per level.
                   A        B        C        D        E       F      G
               +--------+--------+--------+--------+--------+-----+--------+
         Total |   4794 |   4532 |    262 |    705 |   3151 |   5 |  958.8 |
       Dungeon |   4794 |   4532 |    262 |    705 |   3151 |   5 |  958.8 |
               +--------+--------+--------+--------+--------+-----+--------+

Top non-repeatable levels by time:
     D:1: 1878 daAuts
     D:3: 1355 daAuts
     D:2: 821 daAuts
     D:4: 722 daAuts
     D:5: 16 daAuts
